 Dungeon Crawl Stone Soup version 0.31-a0-252-gc4385922b5 (webtiles) character file.

Game seed: 6565306040483960861

28 qw the Shooter (level 2, 0/24 HPs)
             Began as a Minotaur Hexslinger on July 12, 2023.
             Slain by a hobgoblin
             ... wielding a +0 hand axe
              (3 damage)
             ... on level 2 of the Dungeon.
             The game lasted 00:00:19 (670 turns).

qw the Shooter (Minotaur Hexslinger)                 Turns: 670, Time: 00:00:19

Health: 0/24       AC:  2    Str: 12    XL:     2   Next: 96%
Magic:  2/2        EV: 12    Int: 10    God:
Gold:   82         SH:  0    Dex: 12    Spells: 2/3 levels left

rFire   . . .        Y - +1 sling
rCold   . . .        (no shield)
rNeg    . . .        c - +0 robe
rPois   .            (helmet restricted)
rElec   .            (no cloak)
rCorr   .            (no gloves)
SInv    .            (no boots)
Will    .....        h - amulet of faith
Stlth   +            (no ring)
HPRegen 0.24/turn    (no ring)
MPRegen 0.08/turn

%: faith
@: no status effects
A: horns 2, retaliatory headbutt
a: no special abilities


You were on level 2 of the Dungeon.
You visited 1 branch of the dungeon, and saw 2 of its levels.

You collected 82 gold pieces.


Innate Abilities, Weirdness & Mutations

You have a pair of horns on your head.
You reflexively headbutt those who attack you in melee.


   Skills:
 - Level 2.0 Fighting
 + Level 3.5 Ranged Weapons
 - Level 2.1 Dodging
 - Level 1.0 Spellcasting
 - Level 2.0 Hexes


You had 2 spell levels left.
You knew the following spells:

 Your Spells              Type           Power      Damage    Failure   Level
a - Slow                  Hex            16%        N/A       16%         1

Your spell library contained the following spells:

 Spells                   Type           Power      Damage    Failure   Level
 Inner Flame              Hex/Fire       2%         N/A       56%         3
 Portal Projectile        Hex/Tloc       4%         N/A       56%         3
 Cause Fear               Hex            2%         N/A       83%         4

Inventory:

Hand Weapons
 Y - a +1 sling (weapon)
Armour
 c - a +0 robe (worn)
Jewellery
 b - a ring of willpower
 e - a ring of ice
 h - an amulet of faith (around neck)
Potions
 a - a potion of brilliance {unknown}
 d - a potion of curing {unknown}

Dungeon Overview and Level Annotations

Branches:
Dungeon (2/15)

Altars:


Message History

The dart slug launches a dart at you. The slug dart misses you.
You shoot a sling bullet. The sling bullet hits the dart slug.
The dart slug is almost dead.
The dart slug closely misses you.
You shoot a sling bullet. The sling bullet hits the dart slug.
You kill the dart slug!
a - a grey potion
Found an escape hatch in the ceiling.
You see here a +2 plate armour of cold resistance.
Found a dagger.
There is an escape hatch in the ceiling here.
You now have 82 gold pieces (gained 13).
b - a ring of willpower A hobgoblin comes into view.
It is wielding a +0 hand axe.
The hobgoblin shouts!
You see here a scroll labelled XUOGISS BEREHI.
You shoot a sling bullet.
The sling bullet closely misses the hobgoblin.
You shoot a sling bullet.
The sling bullet barely misses the hobgoblin.
You shoot a sling bullet. The sling bullet hits the hobgoblin.
The hobgoblin is heavily wounded.
You shoot a sling bullet.
The sling bullet barely misses the hobgoblin.
The hobgoblin hits you with a +0 hand axe.
You shoot a sling bullet.
The sling bullet barely misses the hobgoblin.
The hobgoblin misses you.
You shoot a sling bullet.
The sling bullet barely misses the hobgoblin.
The hobgoblin hits you with a +0 hand axe.
The hobgoblin hits you with a +0 hand axe!
You shoot a sling bullet.
The sling bullet closely misses the hobgoblin.
The hobgoblin hits you with a +0 hand axe.
You shoot a sling bullet.
The sling bullet closely misses the hobgoblin.
The hobgoblin hits you with a +0 hand axe.
You die...

'# ######.#
#......# #
#......#.#
#.........
.......
#...# #@g.#
.. #...#
... #...#
....
#...#+#....
#..)...#
#......#
###....#
#....#
##..###


You could see a hobgoblin.

Vanquished Creatures
  A dart slug (D:2)
  2 ball pythons (D:1)
  2 bats (D:1)
  2 endoplasms
  2 giant cockroaches (D:1)
  2 goblins (D:1)
  3 hobgoblins (D:1)
  3 quokkas
  2 kobolds (D:1)
  3 rats
22 creatures vanquished.

Notes
Turn   | Place    | Note
-------+----------+-------------------------------------------
     0 | D:1      | qw the Minotaur Hexslinger began the quest for the Orb.
     0 | D:1      | Reached XP level 1. HP: 16/16 MP: 1/1
     0 | D:1      | 0 ||| qw: Version: 0.3-a-52-g30416fa
     0 | D:1      | 0 ||| qw: Game counter: 6607
     0 | D:1      | 0 ||| qw: Melee chars always use a shield: true
     0 | D:1      | 0 ||| qw: God list: Okawaru
     0 | D:1      | 0 ||| qw: Allow faded altars: false
     0 | D:1      | 0 ||| qw: Do Orc after clearing Dungeon:15 true
     0 | D:1      | 0 ||| qw: Do second Lair branch before Depths: true
     0 | D:1      | 0 ||| qw: Lair rune preference: random
     0 | D:1      | 0 ||| qw: Goals: Normal
     0 | D:1      | 0 ||| PLANNING D:1-11
   119 | D:1      | 119 ||| FLEEEEING.
   120 | D:1      | 120 ||| FLEEEEING.
   123 | D:1      | Reached skill level 3 in Ranged Weapons
   139 | D:1      | Reached XP level 2. HP: 23/23 MP: 2/2
   553 | D:1      | 553 ||| UPGRADING to amulet of faith.
   558 | D:1      | 558 ||| READING scroll labelled VISTRA VAM LIWO.
   559 | D:1      | 559 ||| READING scroll labelled YRUNOTTEMPA.
   560 | D:1      | 560 ||| READING scroll labelled MEIXZE ABOMEAWN.
   561 | D:1      | 561 ||| DROPPING scroll of poison.
   669 | D:2      | HP: 3/24 [hobgoblin/+0 hand axe (6)]
   670 | D:2      | Slain by a hobgoblin

Levels and vault maps discovered:
D:1:      dpeg_arrival_stonehenge_12_columns, layout_basic
D:2:      layout_basic

Skill      XL: |  1  2 |
---------------+-------+-----
Ranged Weapons | 3 |  3.5
Fighting       | 2 |  2.0
Dodging        | |  2.1
Spellcasting   | |  1.0
Hexes          | |  2.0

Action                     || total
---------------------------++-------
   Fire: Sling             ||    72
    Use: Scroll            ||     3
 Armour: Robe              ||     9
  Dodge: Dodged            ||    18

Table legend:
 A = Non-vault XP
 B = Vault XP
 C = Vault XP percentage of total XP
 D = Non-vault monster count
 E = Vault monster count
 F = Vault count percentage of total count
                 A         B        C        D         E       F
            +---------+---------+-------+---------+---------+-------
      Total |      40 |       0 |   0.0 |      22 |       0 |   0.0
            +---------+---------+-------+---------+---------+-------
        D:1 |      29 |       0 |   0.0 |      17 |       0 |   0.0
        D:2 |      11 |       0 |   0.0 |       5 |       0 |   0.0
            +---------+---------+-------+---------+---------+-------
